[Event "Titled Tuesday Blitz January 25 2022"]
[White "Sadykov, Ramil"]
[Black "Kislinsky, Alexey"]
[WhiteFideId "24113590"]
[BlackFideId "14108801"]
[WhiteElo "2300"]
[BlackElo "2335"]
[Result "0-1"]
[Round "09"]
[TimeControl "180+1"]
[Date "2022.01.26"]
[WhiteClock "0:00:01"]
[BlackClock "0:00:16"]

1. e4 g6 2. Nc3 c5 3. g3 Bg7 4. Bg2 Nc6 5. d3 Rb8 6. Be3 b5 7. Qd2 b4 8. Nd1 d6 9. Ne2 Nd4 10. Nc1 h5 11. c3 bxc3 12. bxc3 Nc6 13. h3 Bd7 14. O-O Qc8 15. Kh2 Nf6 16. f4 h4 17. g4 Bxg4 18. hxg4 Nxg4+ 19. Kh1 h3 20. Bf3 Nxe3 21. Nxe3 e6 22. Ne2 Qa6 23. Rab1 O-O 24. Nc4 Na5 25. Nxa5 Qxa5 26. Kh2 Rb6 27. Kxh3 Rfb8 28. Qc2 Qa3 29. Rxb6 Rxb6 30. Rb1 Rxb1 31. Qxb1 Bxc3 32. Qb8+ Kg7 33. Qxd6 Bb2 34. f5 gxf5 35. exf5 exf5 36. Nf4 Qc3 37. Nh5+ Kh7 38. Qd5 Kg6 39. Nf4+ Kg5 40. Ng2 Qh8+ 41. Kg3 Be5+ 42. Kf2 Bd4+ 43. Ke2 Qb8 44. Qb3 Qe5+ 45. Kd1 Qg3 46. Ne1 Bf2 47. Qxf7 Bxe1 48. Qg7+ Kf4 49. Qxg3+ Bxg3 50. Bd5 Ke3 51. Be6 f4 52. Bg4 f3 53. Bh3 Kxd3 54. Bf1+ Kc3 55. Bb5 Bf4 56. Bc6 f2 57. Ke2 Be3 58. Bg2 Bd4 59. Bf1 a5 60. Kd1 Kb2 61. a4 Kb3 62. Bb5 c4 63. Ke2 c3 64. Bc6 c2 65. Bd5+ Kb2 0-1


[Site "https://www.chess.com"]

[Event "Titled Tuesday Blitz January 25 2022"]
[White "Santos Flores, Alberto"]
[Black "Kosteniuk, Alexandra"]
[WhiteFideId "3601234"]
[BlackFideId "4128125"]
[WhiteElo "2293"]
[BlackElo "2469"]
[Result "0-1"]
[Round "09"]
[TimeControl "180+1"]
[Date "2022.01.26"]
[WhiteClock "0:00:04"]
[BlackClock "0:01:09"]

1. e4 c6 2. d4 d5 3. Nc3 dxe4 4. Nxe4 Nf6 5. Nxf6+ exf6 6. c3 Bd6 7. Bd3 O-O 8. Ne2 Re8 9. O-O Nd7 10. Ng3 Nf8 11. Qh5 Ng6 12. Bd2 Be6 13. b3 Qd7 14. Nf5 Bf8 15. Rae1 c5 16. Be3 Rac8 17. Rd1 c4 18. bxc4 Bxc4 19. Ng3 Bxd3 20. Rxd3 Rc4 21. Rb1 b6 22. Qb5 Qxb5 23. Rxb5 Rec8 24. Rb3 Ne7 25. Ne2 Nd5 26. Bd2 Bd6 27. g3 g5 28. Kf1 h6 29. Ng1 Kg7 30. Nf3 Kg6 31. Ne1 f5 32. Nc2 f4 33. Ke2 Kf5 34. Kf3 g4+ 35. Ke2 Re8+ 36. Kd1 Ke4 37. Ne1 Rec8 38. Kc2 Nb4+ 0-1


[Site "https://www.chess.com"]

[Event "Titled Tuesday Blitz January 25 2022"]
[White "Sapunov, Evgeny"]
[Black "Baules Rodriguez, Jorge Luis"]
[WhiteFideId "4126661"]
[BlackFideId "6600247"]
[WhiteElo "2470"]
[BlackElo "2375"]
[Result "1-0"]
[Round "09"]
[TimeControl "180+1"]
[Date "2022.01.26"]
[WhiteClock "0:02:13"]
[BlackClock "0:00:09"]

1. c4 Nf6 2. Nf3 g6 3. Nc3 Bg7 4. e4 d6 5. d4 O-O 6. Be2 e5 7. O-O Na6 8. Be3 Ng4 9. Bg5 Qe8 10. Re1 h6 11. Bh4 exd4 12. Nxd4 Qe5 13. Nf3 Qc5 14. Rc1 g5 15. Bg3 f5 16. exf5 Bxf5 17. a3 Qc6 18. b4 Qd7 19. Nd4 h5 20. h3 Nf6 21. Nxf5 Qxf5 22. Bxh5 Nxh5 23. Qxh5 Rf7 24. Ne4 Bf6 25. Rcd1 Raf8 26. Rd5 Qh7 27. Qxh7+ Kxh7 28. Nxg5+ Bxg5 29. Rxg5 Nb8 30. Re4 1-0


[Site "https://www.chess.com"]

[Event "Titled Tuesday Blitz January 25 2022"]
[White "Seemann, Jakub"]
[Black "Stribuk, Artiom"]
[WhiteFideId "21874697"]
[BlackFideId "13515659"]
[WhiteElo "2003"]
[BlackElo "2224"]
[Result "1/2-1/2"]
[Round "09"]
[TimeControl "180+1"]
[Date "2022.01.26"]
[WhiteClock "0:00:02"]
[BlackClock "0:00:06"]

1. d4 Nf6 2. c4 g6 3. Nc3 d5 4. Bg5 Bg7 5. Nf3 Ne4 6. Bf4 Nxc3 7. bxc3 dxc4 8. e4 b5 9. a4 c6 10. axb5 cxb5 11. h4 h6 12. Qd2 Bb7 13. d5 Nd7 14. Rb1 a6 15. Bxc4 Rc8 16. O-O Rxc4 17. e5 Nc5 18. Rfd1 Ne4 19. Qe3 Nxc3 20. d6 Nxd1 21. Rxd1 Bxf3 22. d7+ Kf8 23. Qxf3 Kg8 24. e6 fxe6 25. h5 g5 26. Bg3 Rd4 27. Rxd4 Bxd4 28. Qc6 Kf7 29. Bc7 Qa8 30. Qc2 Rd8 31. Qg6+ Kf8 32. Qxh6+ Bg7 33. Qxe6 Rxd7 34. Qxd7 Qe4 35. Bb6 Qe1+ 36. Kh2 Be5+ 37. g3 Qe4 38. Be3 Qf3 39. Qe6 Qxh5+ 40. Kg2 Bf6 41. Qxa6 Qe8 42. Qb7 Kg7 43. Qe4 Qd7 44. Kh2 Qd6 45. Qf5 Qe5 46. Qxe5 Bxe5 47. Bxg5 e6 48. Bc1 Kg6 49. Kg2 Kf5 50. Kf3 Bd6 51. g4+ Ke5 52. Bf4+ Kd5 53. Bxd6 Kxd6 54. Ke4 Ke7 55. f4 Kf6 56. g5+ Kg6 57. Ke5 b4 58. Kd4 Kf5 59. Kc4 e5 60. fxe5 Kxg5 61. Kxb4 Kf5 62. Kc5 Kxe5 1/2-1/2


[Site "https://www.chess.com"]

[Event "Titled Tuesday Blitz January 25 2022"]
[White "Shevchenko, Kirill"]
[Black "Zhigalko, Sergei"]
[WhiteFideId "14129574"]
[BlackFideId "13502956"]
[WhiteElo "2624"]
[BlackElo "2662"]
[Result "1-0"]
[Round "09"]
[TimeControl "180+1"]
[Date "2022.01.26"]
[WhiteClock "0:00:05"]
[BlackClock "0:00:01"]

1. d4 Nf6 2. Bg5 d5 3. e3 Nbd7 4. Bd3 e5 5. Nd2 Bd6 6. c3 O-O 7. Ne2 Re8 8. Bh4 c6 9. Bg3 Qe7 10. O-O Nf8 11. c4 e4 12. Bc2 Bg4 13. Qe1 Ne6 14. c5 Bc7 15. f3 exf3 16. gxf3 Bh3 17. Bxc7 Nxc7 18. e4 Bxf1 19. Qxf1 Nxe4 20. Nxe4 dxe4 21. fxe4 Qg5+ 22. Kh1 Qd2 23. Bb3 Ne6 24. Rd1 Qxb2 25. Bc4 b5 26. cxb6 axb6 27. d5 cxd5 28. exd5 Ng5 29. d6 Rad8 30. h4 Re4 31. Nf4 Rxc4 32. Qxc4 Nf3 33. Qe2 Qxe2 34. Nxe2 Nxh4 35. Ng3 g6 36. Ne4 Kg7 37. Rb1 f5 38. Ng5 Rxd6 39. Rb4 h6 40. Nh3 Rd1+ 41. Kh2 Rd2+ 42. Kg1 Nf3+ 43. Kf1 Rd6 44. Nf4 Nd2+ 45. Ke1 Ne4 46. Ne2 g5 47. Nd4 Kg6 48. Nf3 Kf6 49. Rb5 Nc5 50. Nd2 g4 51. Nc4 Re6+ 52. Kf1 Nd7 53. Rd5 Ne5 54. Ne3 h5 55. Ng2 Kg5 56. Ne3 h4 57. Rb5 h3 58. Nd5 1-0


[Site "https://www.chess.com"]

[Event "Titled Tuesday Blitz January 25 2022"]
[White "Shtyka, Sergey"]
[Black "Gelman, Alexander"]
[WhiteFideId "4138465"]
[BlackFideId "4118316"]
[WhiteElo "2014"]
[BlackElo "2375"]
[Result "0-1"]
[Round "09"]
[TimeControl "180+1"]
[Date "2022.01.26"]
[WhiteClock "0:00:03"]
[BlackClock "0:00:14"]

1. e4 c5 2. Nf3 e6 3. d4 cxd4 4. Nxd4 a6 5. Nc3 d6 6. Bd3 Nf6 7. O-O Bd7 8. Be3 Nc6 9. f4 Be7 10. Qf3 O-O 11. Rae1 Rc8 12. Kh1 b5 13. a3 Nxd4 14. Bxd4 Bc6 15. Qh3 h6 16. Be3 d5 17. exd5 Nxd5 18. Nxd5 Qxd5 19. f5 Bf6 20. b3 Rce8 21. fxe6 Rxe6 22. Rf5 Re5 23. Rxe5 Bxe5 24. Bxh6 gxh6 25. Be4 Qd2 26. Qg4+ Bg7 27. Rd1 Qc3 28. Bd3 Re8 29. Qf5 Qe5 30. Qh7+ Kf8 31. h3 Qg3 32. Rf1 Re1 33. Qf5 Rxf1+ 34. Bxf1 Be5 35. Qc8+ Kg7 36. Qg4+ Qxg4 37. hxg4 Be4 38. a4 bxa4 39. bxa4 a5 40. Bd3 Bxd3 41. cxd3 Kg6 0-1


[Site "https://www.chess.com"]

[Event "Titled Tuesday Blitz January 25 2022"]
[White "Siva Mahadevan"]
[Black "Babazada, Khazar"]
[WhiteFideId "25043153"]
[BlackFideId "13413554"]
[WhiteElo "2203"]
[BlackElo "2418"]
[Result "0-1"]
[Round "09"]
[TimeControl "180+1"]
[Date "2022.01.26"]
[WhiteClock "0:00:13"]
[BlackClock "0:00:09"]

1. e4 Nf6 2. e5 Nd5 3. c4 Nb6 4. d4 d6 5. f4 dxe5 6. fxe5 Bf5 7. Nc3 e6 8. Nf3 Be7 9. Be3 O-O 10. Bd3 Bxd3 11. Qxd3 Nc6 12. O-O f6 13. exf6 Bxf6 14. Ne4 h6 15. Rad1 Qe7 16. Rfe1 Rad8 17. Qc2 Qf7 18. a3 Ne7 19. Nxf6+ Qxf6 20. Ne5 Nf5 21. Bf2 Nd7 22. Nf3 Rfe8 23. Qe4 c6 24. b4 Nb6 25. Ne5 Rf8 26. Rf1 Nd7 27. Nf3 Nd6 28. Qe2 b5 29. c5 Nf5 30. Rfe1 Rfe8 31. Qe4 Rc8 32. Rf1 Qg6 33. Rde1 Nf6 34. Qc2 Nd5 35. Ne5 Qg5 36. g3 Rf8 37. Qe4 Nfe7 38. Nd7 Rf5 39. Qxe6+ Kh7 40. Qe4 Kh8 41. Ne5 Rcf8 42. h4 Qd2 43. Re2 Qc3 44. Kg2 Qxa3 45. Nd3 Qb3 46. g4 R5f7 47. Rb2 Qxd3 48. Qe5 Nf4+ 49. Kg1 Qf3 50. Be3 Nh3+ 51. Kh2 Qxf1 52. Bxh6 Ng6 53. Qh5 Nhf4 54. Bxf4+ Kg8 55. Qxg6 Rxf4 56. Qe6+ R4f7 57. Rg2 Qf4+ 58. Kh3 Qxd4 59. g5 Qd7 60. Qxd7 Rxd7 61. Re2 Rd3+ 62. Kg4 g6 63. Re6 Kg7 64. Rxc6 Rfd8 65. Rc7+ R8d7 0-1


[Site "https://www.chess.com"]

[Event "Titled Tuesday Blitz January 25 2022"]
[White "Sjugirov, Sanan"]
[Black "Willow, Jonah B"]
[WhiteFideId "4189302"]
[BlackFideId "438804"]
[WhiteElo "2602"]
[BlackElo "2261"]
[Result "1-0"]
[Round "09"]
[TimeControl "180+1"]
[Date "2022.01.26"]
[WhiteClock "0:01:35"]
[BlackClock "0:00:27"]

1. e4 c5 2. Nf3 Nc6 3. Bb5 g6 4. Bxc6 dxc6 5. d3 Bg7 6. h3 e5 7. a4 a5 8. Be3 b6 9. Nbd2 f5 10. Nc4 Qe7 11. Nxb6 Rb8 12. Nxc8 Rxc8 13. Qe2 Nf6 14. Bg5 O-O 15. O-O h6 16. Bd2 f4 17. Bxa5 g5 18. Bc3 Nd7 19. Nd2 Qf7 20. Nc4 Ra8 21. Qg4 Ra7 22. Nd6 Qg6 23. Nf5 Kh7 24. Qe2 h5 25. f3 Kh8 26. b3 Rxf5 27. exf5 Qxf5 28. Qe4 Qe6 29. Rfe1 Ra8 30. a5 1-0


[Site "https://www.chess.com"]

[Event "Titled Tuesday Blitz January 25 2022"]
[White "Song, Michael"]
[Black "Daneshvar, Bardiya"]
[WhiteFideId "2613190"]
[BlackFideId "12576468"]
[WhiteElo "2274"]
[BlackElo "2295"]
[Result "0-1"]
[Round "09"]
[TimeControl "180+1"]
[Date "2022.01.26"]
[WhiteClock "0:00:18"]
[BlackClock "0:00:32"]

1. e4 c6 2. Nc3 d5 3. Nf3 dxe4 4. Nxe4 Nf6 5. Bd3 Bg4 6. h3 Bh5 7. g4 Bg6 8. Qe2 Nxe4 9. Bxe4 Bxe4 10. Qxe4 Qd5 11. Qxd5 cxd5 12. d4 Nc6 13. c3 e6 14. Bf4 f6 15. Kd2 Kf7 16. Rae1 b5 17. Re2 Re8 18. Ne1 e5 19. dxe5 fxe5 20. Be3 d4 21. cxd4 exd4 22. Bf4 Bb4+ 23. Kd1 Rxe2 24. Kxe2 Re8+ 25. Kd1 Rxe1+ 26. Rxe1 Bxe1 27. Kxe1 Ke6 28. Bd2 Kd5 29. Ke2 Ne5 30. b3 Ke4 31. Ba5 Nf3 32. Bd8 Ng1+ 33. Ke1 Nxh3 34. Be7 Kf3 35. Bc5 a6 36. Bxd4 g5 37. a4 bxa4 38. bxa4 Kxg4 39. Ke2 h5 40. a5 Ng1+ 41. Kd3 h4 42. f4 Kxf4 43. Bxg1 Kf3 44. Kc4 h3 45. Bh2 g4 46. Kc5 g3 0-1


[Site "https://www.chess.com"]

[Event "Titled Tuesday Blitz January 25 2022"]
[White "Srihari L R"]
[Black "Sarana, Alexey"]
[WhiteFideId "46617116"]
[BlackFideId "24133795"]
[WhiteElo "2121"]
[BlackElo "2665"]
[Result "1-0"]
[Round "09"]
[TimeControl "180+1"]
[Date "2022.01.26"]
[WhiteClock "0:00:05"]
[BlackClock "0:00:01"]

1. d4 Nf6 2. Bg5 d5 3. Nd2 g6 4. e3 Bg7 5. Bd3 c5 6. c3 Nbd7 7. Ngf3 O-O 8. O-O b6 9. Qe2 Bb7 10. e4 dxe4 11. Nxe4 cxd4 12. Nxd4 Qc7 13. Nxf6+ Nxf6 14. Rfe1 e6 15. Bh4 Nd5 16. Bg3 Qe7 17. Nf3 Rfd8 18. Rad1 Rac8 19. Ba6 Bf6 20. Bxb7 Qxb7 21. Qe4 Qa6 22. a3 Qb5 23. Rd2 Qc4 24. Qxc4 Rxc4 25. Red1 Rdc8 26. Be5 Be7 27. Bd4 f6 28. Re1 Kf7 29. Rde2 R4c6 30. h3 a6 31. Rd2 b5 32. Ra1 Rc4 33. Re1 R4c6 34. Ra1 Rc4 35. Re1 Ra4 36. g3 g5 37. Kg2 Rc6 38. h4 h6 39. Be3 Re4 40. Rde2 Nxe3+ 41. Rxe3 Rxe3 42. Rxe3 Rd6 43. hxg5 hxg5 44. Re2 e5 45. Nd2 Ke6 46. g4 Rd3 47. f3 a5 48. Kf1 Rd8 49. Ne4 Rd1+ 50. Re1 Rd8 51. Ke2 Rh8 52. Rf1 Rh2+ 53. Rf2 Rh1 54. Rf1 Rh2+ 55. Rf2 Rh8 56. Ng3 Bc5 57. Rg2 Rh3 58. Ne4 Be7 59. Kf2 Rh1 60. Rg1 Rh8 61. Kg2 Rd8 62. Re1 Rd3 63. Kf2 Rd8 64. Rh1 b4 65. axb4 axb4 66. Rh6 bxc3 67. bxc3 Kf7 68. Rh7+ Ke6 69. Rh6 Kf7 70. Ke2 Rd5 71. Rh7+ Ke6 72. Ng3 Ra5 73. Nf5 Bc5 74. Rc7 Kd5 75. Kd3 Ra3 76. Rd7+ Kc6 77. Rf7 Bb4 78. Rxf6+ Kc5 79. Ke4 Bxc3 80. Rf8 Ra1 81. Rc8+ Kb4 82. Ne3 Re1 83. Kd3 Kb5 84. Rxc3 Kb4 85. Nc2+ 1-0


[Site "https://www.chess.com"]

[Event "Titled Tuesday Blitz January 25 2022"]
[White "Suarez Uriel, Adrian"]
[Black "Aditya Mittal"]
[WhiteFideId "22230874"]
[BlackFideId "35042025"]
[WhiteElo "2316"]
[BlackElo "2287"]
[Result "1-0"]
[Round "09"]
[TimeControl "180+1"]
[Date "2022.01.26"]
[WhiteClock "0:00:31"]
[BlackClock "0:00:03"]

1. e4 c5 2. Ne2 d6 3. g3 g6 4. Bg2 Bg7 5. c3 e5 6. d4 cxd4 7. cxd4 exd4 8. Nxd4 Nf6 9. O-O O-O 10. Nc3 Nc6 11. Nxc6 bxc6 12. Bf4 Ne8 13. Qd2 Qe7 14. Rfe1 Be6 15. Nd5 Qd7 16. Ne3 Rd8 17. Rac1 Bxa2 18. Nc4 Bxc4 19. Rxc4 Nc7 20. Rd1 Nb5 21. Qc1 Rc8 22. h4 Rfd8 23. Kh2 Qb7 24. h5 c5 25. hxg6 hxg6 26. e5 Qb6 27. Bd5 dxe5 28. Bg5 Rd7 29. b4 Nd4 30. bxc5 Qb3 31. Bg2 Ne2 32. Rxd7 Nxc1 33. Rxc1 Qe6 34. Rxa7 f5 35. Rd1 Rxc5 36. Rd8+ Kh7 37. Rdd7 e4 38. Rxg7+ Kh8 39. Bh6 Rc8 40. Rh7+ Kg8 41. Rag7+ 1-0


[Site "https://www.chess.com"]

[Event "Titled Tuesday Blitz January 25 2022"]
[White "Svane, Frederik"]
[Black "Sanal, Vahap"]
[WhiteFideId "12923044"]
[BlackFideId "6300545"]
[WhiteElo "2459"]
[BlackElo "2603"]
[Result "1/2-1/2"]
[Round "09"]
[TimeControl "180+1"]
[Date "2022.01.26"]
[WhiteClock "0:00:06"]
[BlackClock "0:00:02"]

1. e4 d6 2. d4 Nf6 3. Nd2 e5 4. c3 Nc6 5. Ngf3 g6 6. Bd3 Bg7 7. O-O O-O 8. Re1 Re8 9. h3 a6 10. Nf1 Bd7 11. Ng3 b5 12. Bg5 h6 13. Be3 Kh7 14. Qd2 Na5 15. b4 Nc4 16. Bxc4 bxc4 17. dxe5 dxe5 18. Qe2 Be6 19. Nxe5 Nh5 20. Bd4 Nxg3 21. fxg3 Qd6 22. Nf3 Qxg3 23. Bxg7 Kxg7 24. Qf2 Qxf2+ 25. Kxf2 a5 26. b5 a4 27. Nd4 Bd7 28. Rab1 Re5 29. Rb4 Rc5 30. a3 Ra5 31. Reb1 Ra8 32. Re1 h5 33. h4 Ra5 34. Reb1 Ra8 35. Re1 Ra7 36. Kf3 Bg4+ 37. Kf4 f6 38. e5 Ra8 39. e6 g5+ 40. Kg3 Re5 41. Rxe5 fxe5 42. Nc6 gxh4+ 43. Kxh4 Kf6 44. e7 Rg8 45. Rxc4 Bd7 46. Re4 Rxg2 47. Nxe5 Be8 48. Nc6 Rh2+ 49. Kg3 Rc2 50. Rc4 Rc1 51. Nd4 Kxe7 52. Rxc7+ Kd6 53. Rc8 Bd7 54. Rc4 Kd5 55. Rc7 Kd6 56. b6 Rb1 57. c4 Rxb6 58. c5+ Kxc7 59. cxb6+ Kxb6 60. Ne2 Kc5 61. Nc3 Kc4 62. Ne4 Kd4 63. Nf6 Bc6 64. Nxh5 Kc3 65. Nf4 Kb3 66. Nd3 Kxa3 67. Nc5 Kb4 68. Nxa4 1/2-1/2


[Site "https://www.chess.com"]

[Event "Titled Tuesday Blitz January 25 2022"]
[White "Sviridov, Valery"]
[Black "Lenderman, Aleksandr"]
[WhiteFideId "4120680"]
[BlackFideId "2021285"]
[WhiteElo "2454"]
[BlackElo "2651"]
[Result "1-0"]
[Round "09"]
[TimeControl "180+1"]
[Date "2022.01.26"]
[WhiteClock "0:00:50"]
[BlackClock "0:00:10"]

1. Nf3 d6 2. d4 g6 3. g3 Bg7 4. Bg2 Nd7 5. c4 e5 6. O-O Ne7 7. Nc3 O-O 8. e4 exd4 9. Nxd4 Nc6 10. Nde2 a5 11. Be3 a4 12. Nxa4 Nde5 13. Rc1 Nb4 14. a3 Nbd3 15. Rc3 Bd7 16. b3 Bxa4 17. bxa4 Nb2 18. Qc1 Nxa4 19. Rb3 b6 20. h3 Nc5 21. Rb1 Ra4 22. Qc2 Rxc4 23. Qa2 Ra4 24. Nc3 Nf3+ 25. Bxf3 Bxc3 26. Bg2 Bd4 27. Bd2 Qf6 28. Rb4 Ra7 29. Qc4 Ne6 30. Rb3 Bc5 31. Rd3 Rxa3 32. Rxa3 Bxa3 33. Bc3 Qe7 34. f4 Bc5+ 35. Kh2 Nd8 36. Bb2 Nc6 37. Qd5 Nb4 38. Qd2 Nc6 39. e5 d5 40. f5 Nxe5 41. f6 1-0


[Site "https://www.chess.com"]

[Event "Titled Tuesday Blitz January 25 2022"]
[White "Tikhonov, Viacheslav"]
[Black "Tymrakiewicz, Rafal"]
[WhiteFideId "44196407"]
[BlackFideId "1108832"]
[WhiteElo "1773"]
[BlackElo "2205"]
[Result "0-1"]
[Round "09"]
[TimeControl "180+1"]
[Date "2022.01.26"]
[WhiteClock "0:00:14"]
[BlackClock "0:00:16"]

1. d4 Nf6 2. Bf4 c5 3. e3 cxd4 4. exd4 d5 5. c3 Nc6 6. Bd3 Bg4 7. Qb3 Qd7 8. Nd2 e6 9. Ngf3 Bxf3 10. Nxf3 Bd6 11. Bxd6 Qxd6 12. O-O O-O 13. Rfe1 Nd7 14. Re2 Rab8 15. Qc2 g6 16. h4 Rfc8 17. h5 Nb4 18. Qd2 Nxd3 19. Qxd3 b5 20. a3 a5 21. g3 Kg7 22. Kg2 b4 23. axb4 axb4 24. Rh1 bxc3 25. bxc3 Qc7 26. Qe3 Qxc3 27. Qf4 Qc7 28. Qh4 Qd8 29. Qf4 Qf6 30. Qd6 Nf8 31. Ne5 Rb3 32. hxg6 Nxg6 33. f4 Nxe5 34. dxe5 Qg6 35. Rh3 Rc2 36. Qa6 Qe4+ 37. Kf2 Qf3+ 38. Ke1 Rb1# 0-1


[Site "https://www.chess.com"]

[Event "Titled Tuesday Blitz January 25 2022"]
[White "Timofeev, Artyom"]
[Black "Cherniaiev, Tykhon"]
[WhiteFideId "4140419"]
[BlackFideId "14182360"]
[WhiteElo "2583"]
[BlackElo "2289"]
[Result "1-0"]
[Round "09"]
[TimeControl "180+1"]
[Date "2022.01.26"]
[WhiteClock "0:00:24"]
[BlackClock "0:00:03"]

1. d4 Nf6 2. Nf3 e6 3. Bg5 c5 4. d5 exd5 5. Nc3 Be7 6. Nxd5 Nxd5 7. Qxd5 Nc6 8. O-O-O O-O 9. h4 Nb4 10. Qb3 d6 11. e3 h6 12. Bxe7 Qxe7 13. Bc4 Nc6 14. Qd3 Rd8 15. Ng5 hxg5 16. hxg5 Qxg5 17. Qh7+ Kf8 18. f4 Qg6 19. Qh4 Qg4 20. Qf2 Be6 21. Be2 Qg6 22. g4 Bxg4 23. Rh8+ Ke7 24. Rxd8 Rxd8 25. Qh4+ f6 26. Bxg4 Nb4 27. Rd2 Nxa2+ 28. Kb1 Nb4 29. Bf3 Qg1+ 30. Rd1 Qg6 31. e4 Qf7 32. b3 a5 33. Be2 a4 34. Bc4 Qg6 35. Qf2 axb3 36. Bxb3 Ra8 37. Rg1 Qh6 38. Qg3 Kf8 39. Qg2 Rd8 40. Rh1 Qxf4 41. Rh8+ Ke7 42. Qxg7# 1-0


[Site "https://www.chess.com"]

[Event "Titled Tuesday Blitz January 25 2022"]
[White "Tregubov, Pavel V."]
[Black "Osmak, Yuliia"]
[WhiteFideId "4115341"]
[BlackFideId "14101602"]
[WhiteElo "2341"]
[BlackElo "2302"]
[Result "1-0"]
[Round "09"]
[TimeControl "180+1"]
[Date "2022.01.26"]
[WhiteClock "0:00:07"]
[BlackClock "0:00:01"]

1. e4 e5 2. Nf3 Nc6 3. Bb5 a6 4. Ba4 Nf6 5. d4 Nxe4 6. Qe2 d5 7. Nxe5 Be6 8. Nxc6 Qd7 9. O-O bxc6 10. c4 Be7 11. cxd5 Bxd5 12. Re1 Kf8 13. Nc3 Nxc3 14. bxc3 h5 15. Bf4 h4 16. h3 Bd6 17. Bxd6+ Qxd6 18. c4 Be6 19. Rad1 Rh6 20. d5 cxd5 21. cxd5 Bd7 22. Bxd7 Qxd7 23. Qc4 Re8 24. Rxe8+ Kxe8 25. Qc5 Rd6 26. Rd4 Qe7 27. Qc1 Kf8 28. Qd2 g5 29. Rg4 f6 30. Rd4 Kg7 31. f4 Rb6 32. fxg5 Rb1+ 33. Kh2 Qe5+ 34. Qf4 Qxf4+ 35. Rxf4 fxg5 36. Rc4 Rb7 37. Rc6 1-0


[Site "https://www.chess.com"]

[Event "Titled Tuesday Blitz January 25 2022"]
[White "Triapishko, Alexandr"]
[Black "Seul, Georg"]
[WhiteFideId "14122286"]
[BlackFideId "4601653"]
[WhiteElo "2479"]
[BlackElo "2271"]
[Result "1-0"]
[Round "09"]
[TimeControl "180+1"]
[Date "2022.01.26"]
[WhiteClock "0:00:04"]
[BlackClock "0:00:13"]

1. d4 Nf6 2. c4 e6 3. Nf3 Bb4+ 4. Bd2 a5 5. g3 d6 6. Bg2 Nbd7 7. O-O e5 8. Nc3 O-O 9. Qc2 Re8 10. e3 e4 11. Ng5 Bxc3 12. Bxc3 Qe7 13. f3 exf3 14. Rxf3 h6 15. Nh3 Ne4 16. Nf4 Ndf6 17. Re1 c6 18. Rff1 d5 19. b3 Be6 20. Bb2 Qd7 21. Nxe6 Qxe6 22. Rf4 a4 23. cxd5 cxd5 24. bxa4 Qa6 25. Bf1 Qxa4 26. Qxa4 Rxa4 27. Bb5 Rxa2 28. Bxe8 Nxe8 29. Ba1 N8f6 30. Rb1 Ng5 31. Kh1 h5 32. Bb2 Nge4 33. Bc1 Re2 34. Kg1 Ng4 35. Rxb7 f6 36. Rb8+ Kh7 37. h3 Nxe3 38. Bxe3 Rxe3 39. g4 Rxh3 40. gxh5 Rxh5 41. Rd8 Rg5+ 42. Kf1 Kg6 43. Rh4 Ng3+ 44. Kf2 Nf5 45. Rf4 Nh6 46. Rd7 Ng4+ 47. Kf3 Nh2+ 48. Ke2 Ng4 49. Kd3 Kh5 50. Rf1 Kh4 51. Rh1+ Kg3 52. Rh8 f5 53. Rxd5 Nf2+ 54. Kc4 Ne4 55. Rf8 g6 56. Re5 Kf4 57. Kd5 Rg1 58. Rxe4+ Kg5 59. Re6 Rd1 60. Rg8 f4 61. Rexg6+ Kf5 62. Rg5+ 1-0


[Site "https://www.chess.com"]

[Event "Titled Tuesday Blitz January 25 2022"]
[White "Tsyhanchuk, Stanislav"]
[Black "Samunenkov, Ihor"]
[WhiteFideId "13505130"]
[BlackFideId "14187086"]
[WhiteElo "2078"]
[BlackElo "2406"]
[Result "0-1"]
[Round "09"]
[TimeControl "180+1"]
[Date "2022.01.26"]
[WhiteClock "0:00:19"]
[BlackClock "0:00:21"]

1. e4 c5 2. Nf3 Nc6 3. Bb5 g6 4. O-O Bg7 5. c3 e5 6. d3 Nge7 7. Be3 d6 8. Qc1 O-O 9. Bh6 a6 10. Bxc6 Nxc6 11. Bxg7 Kxg7 12. Nbd2 d5 13. Qe1 Re8 14. Qe2 b5 15. Rfe1 d4 16. c4 Be6 17. h3 bxc4 18. Nxc4 Bxc4 19. dxc4 Qb6 20. Qd2 Qb4 21. Qg5 h6 22. Qg3 Qxc4 23. Rac1 Qb5 24. Nh4 Kh7 25. Qf3 Ra7 26. b3 Re6 27. Rc4 Na5 28. Rcc1 Rd7 29. Red1 c4 30. bxc4 Nxc4 31. Qd3 Nb2 32. Qxb5 axb5 33. Rd3 Nxd3 0-1


[Site "https://www.chess.com"]

[Event "Titled Tuesday Blitz January 25 2022"]
[White "Urazayev, Arystanbek"]
[Black "Hoghmrtsyan, Artur"]
[WhiteFideId "13709810"]
[BlackFideId "13306685"]
[WhiteElo "2321"]
[BlackElo "2613"]
[Result "0-1"]
[Round "09"]
[TimeControl "180+1"]
[Date "2022.01.26"]
[WhiteClock "0:00:23"]
[BlackClock "0:00:18"]

1. c4 Nf6 2. Nc3 g6 3. e4 d6 4. d4 Bg7 5. Be2 O-O 6. h4 h5 7. Nf3 c5 8. d5 e6 9. Ng5 exd5 10. cxd5 Nbd7 11. f3 Ne5 12. Be3 a6 13. a4 Rb8 14. O-O Bd7 15. a5 Re8 16. Qd2 Nh7 17. Rfb1 Nxg5 18. Bxg5 Bf6 19. Bxf6 Qxf6 20. Qg5 Qg7 21. Nd1 f5 22. Nf2 Nf7 23. Qg3 Qf6 24. Ra3 f4 25. Qh2 Ne5 26. b4 c4 27. Nd1 b6 28. Kf1 bxa5 29. Rxa5 Rb6 30. Qg1 Reb8 31. Qf2 Rxb4 32. Rxb4 Rxb4 33. Rxa6 Rb1 34. Qd4 Kg7 35. Qa7 Kh6 36. Qc7 Bb5 37. Rxd6 Qxh4 38. Rd8 Rxd1+ 39. Bxd1 Qh1+ 40. Kf2 Nd3+ 41. Ke2 Qe1# 0-1


[Site "https://www.chess.com"]

[Event "Titled Tuesday Blitz January 25 2022"]
[White "Vakhlamov, Igor L."]
[Black "Vovk, Orest"]
[WhiteFideId "24126748"]
[BlackFideId "14113490"]
[WhiteElo "2401"]
[BlackElo "2203"]
[Result "0-1"]
[Round "09"]
[TimeControl "180+1"]
[Date "2022.01.26"]
[WhiteClock "0:00:09"]
[BlackClock "0:00:11"]

1. e4 g5 2. d4 h6 3. h4 g4 4. Nc3 Bg7 5. Be3 d6 6. Nge2 c6 7. Ng3 Qa5 8. Bc4 Nf6 9. Qd2 b5 10. Bb3 Nbd7 11. Nf5 Bf8 12. f3 Nb6 13. Nxh6 gxf3 14. gxf3 b4 15. Ne2 d5 16. e5 Nh5 17. Ng4 Bf5 18. a3 e6 19. Bg5 Nc4 20. Bxc4 dxc4 21. Nf6+ Nxf6 22. Bxf6 Rg8 23. Kf2 c3 24. bxc3 bxa3 25. h5 Rb8 26. Ng3 Rxg3 27. Kxg3 Rb2 28. Qe2 Rxc2 29. Qc4 Qb5 30. Qxb5 cxb5 31. Rhb1 a6 32. Rb3 a2 33. Bg5 Kd7 34. Bc1 Kc6 35. Bb2 a5 36. Bc1 a4 37. Rb2 Rxb2 38. Bxb2 Bb1 39. Bc1 Kd5 40. Kf2 Kc4 41. h6 Bxh6 42. Bxh6 Kxc3 43. Bc1 b4 44. Ke2 Kc2 45. Bd2 b3 46. d5 exd5 47. f4 b2 48. Rxa2 Bxa2 49. f5 d4 50. e6 d3+ 51. Ke3 fxe6 52. f6 e5 53. Bc3 b1=Q 54. Ke4 Kxc3 55. Kxe5 d2 56. Kd6 d1=Q+ 57. Ke7 Qb7+ 58. Kf8 Qd8# 0-1


[Site "https://www.chess.com"]

[Event "Titled Tuesday Blitz January 25 2022"]
[White "Vasquez Schroeder, Rodrigo"]
[Black "Yaksin, Oleg"]
[WhiteFideId "3400042"]
[BlackFideId "24105880"]
[WhiteElo "2568"]
[BlackElo "2256"]
[Result "1/2-1/2"]
[Round "09"]
[TimeControl "180+1"]
[Date "2022.01.26"]
[WhiteClock "0:00:59"]
[BlackClock "0:00:07"]

1. e4 c5 2. Nf3 d6 3. d4 cxd4 4. Nxd4 Nf6 5. Nc3 Nc6 6. Bg5 e6 7. Qd2 Be7 8. O-O-O Qb6 9. Nb3 O-O 10. Be3 Qd8 11. f3 a6 12. g4 b5 13. g5 Nd7 14. h4 Nce5 15. Qf2 Qc7 16. h5 Nc4 17. Bxc4 bxc4 18. Nd4 Rb8 19. Kb1 d5 20. Ka1 dxe4 21. Nxe4 Bb7 22. Nc3 Bb4 23. g6 Bxc3 24. gxh7+ Kxh7 25. bxc3 Qa5 26. Bd2 Qa3 27. Rb1 Bd5 28. Rhg1 Nc5 29. Rxg7+ Kxg7 30. Qg3+ Kh7 31. Rxb8 Rxb8 32. Qxb8 Na4 33. Qb4 Qxb4 34. cxb4 e5 35. Nf5 Bxf3 36. Nd6 Bd5 37. c3 Be6 38. b5 axb5 39. Nxb5 f5 40. Nc7 Bf7 41. h6 f4 42. Nb5 Kxh6 43. Nd6 Be6 44. Kb1 Kg5 45. Kc1 Kg4 46. Kd1 Bd5 47. Ke1 e4 48. Ne8 Kf5 49. Ng7+ Ke5 50. Ke2 e3 51. Bxe3 fxe3 52. Kxe3 Nxc3 53. a3 Na4 54. Nh5 c3 55. Nf4 Be4 56. Ne2 c2 57. Kd2 Kd5 58. Ng3 Kd4 59. Nxe4 Kxe4 60. Kxc2 Kd4 61. Kb3 Nc5+ 62. Kb4 Kd5 63. Kb5 Kd6 64. a4 Nxa4 1/2-1/2


[Site "https://www.chess.com"]